 Dungeon Crawl Stone Soup version 0.30.1-4-g462c640d31 (webtiles) character file.

Game seed: 12255810809405317854

9751 HagarQim the Cleaver (level 11, -6/142 HPs)
             Began as a Minotaur Fighter on Sept 8, 2023.
             Was a Priest of the Shining One.
             Mangled by an ogre
             ... wielding a +0 giant club
             ... led by Lodul
              (11 damage)
             ... on level 11 of the Dungeon.
             The game lasted 00:26:49 (10842 turns).

HagarQim the Cleaver (Minotaur Fighter)            Turns: 10842, Time: 00:26:50

Health: -6/142     AC: 25    Str: 25    XL:     11   Next: 27%
Magic:  19/19      EV:  8    Int:  5    God:    the Shining One [***...]
Gold:   611        SH:  0    Dex: 10    Spells: 10/10 levels left

rFire   . . .        y - +1 flail (protect)
rCold   . . .        B - orb {*Rage}
rNeg    + . .        w - +0 plate armour
rPois   .            z - +1 hat
rElec   .            (no cloak)
rCorr   .            (no gloves)
SInv    .            G - +1 pair of boots
Will    .....        (no amulet) Stlth
                     s - ring of magical power
HPRegen 0.43/turn    (no ring)
MPRegen 0.16/turn

%: random rage (20%)
@: berserking, under a protective aura, hasted, glowing, very quick
A: horns 2, retaliatory headbutt
a: Renounce Religion, Divine Shield, Cleansing Flame


You were on level 11 of the Dungeon.
You worshipped the Shining One.
The Shining One was most pleased with you.
You visited 2 branches of the dungeon, and saw 12 of its levels.

You collected 611 gold pieces.

Inventory:

Hand Weapons
 a - a +0 war axe
 b - a +4 long sword of holy wrath
 e - a +1 spear of venom
 k - a +0 trident
 y - a +1 flail of protection (weapon)
 E - a +0 giant club
 H - a +1 heavy executioner's axe
 J - a +2 mace of holy wrath
Missiles
 n - 5 throwing nets (quivered)
Armour
 c - a +0 buckler
 r - a +1 chain mail
 w - a +0 plate armour (worn)
 z - a +1 hat (worn)
 B - an orb of wrath (worn)
 G - a +1 pair of boots (worn)
Jewellery
 s - a ring of magical power (left hand)
Wands
 i - a wand of charming (6)
 l - a wand of iceblast (6)
 u - a wand of digging (7)
 C - a wand of light (8)
 F - a wand of mindburst (7)
Scrolls
 g - a scroll of enchant weapon
 h - 11 scrolls of teleportation
 p - a scroll of blinking
 I - a scroll of butterflies
 K - a scroll of magic mapping {unknown}
Potions
 d - 3 potions of might
 f - 5 potions of lignification
 j - 5 potions of curing
 m - 4 potions of heal wounds
 o - 3 potions of berserk rage
 q - a potion of haste
 t - a potion of cancellation
 v - 3 potions of flight
 x - 3 potions of mutation
 A - a potion of resistance
 D - a potion of brilliance {unknown}


   Skills:
 + Level 8.8 Fighting
 + Level 1.3 Long Blades
 + Level 12.3(13.5) Axes
 + Level 1.5(8.0) Maces & Flails
 + Level 8.9(11.8) Polearms
 + Level 11.6 Armour
 + Level 3.0 Dodging
 + Level 0.2 Stealth
 + Level 5.6 Shields


You had 10 spell levels left.
You didn't know any spells.
Your spell library contained the following spells:

 Spells                   Type           Power      Damage    Failure   Level
 Vhi's Electric Charge    Tloc/Air       0%         N/A       100%        3
 Arcjolt                  Conj/Air       0%         1d10      100%        5
 Plasma Beam              Fire/Air       0%         2x1d11    100%        6


Dungeon Overview and Level Annotations

Branches:
Dungeon (11/15)            Temple (1/1) D:4            Lair (0/5) D:11
    Orc: D:9-12

Altars:
Ashenzari
Cheibriados
Dithmenos
Elyvilon
Fedhas
Gozag
Hepliaklqana
Kikubaaqudgha
Makhleb
Nemelex Xobeh
Okawaru
Qazlal
Ru
Sif Muna
Trog
Uskayaw
Vehumet
Wu Jian
Xom
Yredelemnul
Zin
The Shining One

Shops:
D:9 **

Annotations:
D:4 2 runed translucent doors, Sensen's ghost, amateur MfIE
D:10 1 runed translucent door, zamzamzam's ghost, journeyman HuGl
D:11 Lodul


Innate Abilities, Weirdness & Mutations

You have a pair of horns on your head.
You reflexively headbutt those who attack you in melee.


Message History

A red film seems to cover your vision as you go berserk!
You feel yourself moving faster!
You feel mighty!
You hit Lodul but do no damage. You headbutt Lodul, but do no damage.
Unknown command.
You barely miss Lodul. You headbutt Lodul, but do no damage.
Lodul says, "I guard Vaults good!
You no get in!"
Lodul hits you with a +7 dire flail of protection!
You sock Lodul!
Lodul is lightly wounded.
The ogre hits you with a +0 giant spiked club.
The ogre hits you but does no damage.
The ogre hits you with a +0 giant club!!
* * * LOW HITPOINT WARNING * * *
Unknown command.
You thump the ogre!
The ogre is heavily wounded.
Lodul hits you with a +7 dire flail of protection!!
* * * LOW HITPOINT WARNING * * *
Unknown command.
You are too berserk!
You bludgeon the ogre!!
You kill the ogre!
The ogre closely misses you.
Your base Maces & Flails skill increases to level 1!
You sock the ogre! You headbutt the ogre!
You kill the ogre!
Lodul hits you with a +7 dire flail of protection.
* * * LOW HITPOINT WARNING * * *
Unknown command.
You are too berserk!
You are too berserk!
You are too berserk!
You bludgeon the ogre!! You headbutt the ogre.
You kill the ogre!
The ogre barely misses you.
Unknown command.
You sock the ogre!
The ogre is heavily wounded.
The ogre hits you with a +0 giant club!
You die...

.# .............##......#
................#.....#
#...#...........##<..## .
#...#..#...............# ..
#.....#....(.....###.##
...#.....#÷...####..# .#
....$....<)...#.#..# ..
.........÷.....O)..## #.......#.
........)......@O...###.........
........#......O)...........#...
...[....#.....................#
.............~...~~..~~.......#
#...........~~.~.~~~≈~.......#
#......##.~~~~.~.~~≈.~......####
#...#.. #..~≈~≈~.≈≈~~...........
##..##. ...~~~≈~.≈≈≈..~.........
#. ###....~≈≈≈.~~.~~......<.#.


You could see Lodul and 2 ogres.

Vanquished Creatures
  Fannar (D:10)
  Harold (D:10)
  Erica (D:10)
  A two-headed ogre (D:10)
  A gargoyle (D:10)
  Maggie (D:8)
  Psyche (D:8)
  4 trolls
  6 slime creatures (D:8)
  A shadow (D:10)
  A wyvern (D:8)
  3 wraiths
  4 vampire mosquitoes (D:10)
  Menkaure (D:6)
  An acid dragon (D:11)
  2 orc warriors (D:9)
  A water moccasin (D:7)
  An ice beast (D:5)
  A sky beast (D:6)
  7 ogres
  2 wolves
  2 centaurs
  2 bullfrogs
  3 scorpions
  3 wights (D:10)
  5 howler monkeys
  2 electric eels (D:11)
  3 jellies (D:6)
  6 hounds
  7 orc priests
  4 iguanas
  10 orc wizards
  3 sleepcaps
  2 gnolls
  8 adders
  A shadow imp (D:7)
  5 white imps
  A worm (D:2)
  4 dart slugs
  36 orcs
  5 endoplasms
  3 giant cockroaches
  6 hobgoblins
  5 jackals
  8 quokkas
  5 ball pythons
  7 bats
  5 frilled lizards
  8 goblins
  10 kobolds
  8 rats
219 creatures vanquished.

Notes
Turn   | Place    | Note
-------+----------+-------------------------------------------
     0 | D:1      | HagarQim the Minotaur Fighter began the quest for the Orb.
     0 | D:1      | Reached XP level 1. HP: 19/19 MP: 0/0
   162 | D:1      | Reached XP level 2. HP: 27/27 MP: 1/1
   169 | D:1      | Found a faded altar of an unknown god.
   477 | D:1      | Reached XP level 3. HP: 33/33 MP: 2/2
   755 | D:2      | Reached skill level 1 in Polearms
  1194 | D:2      | Reached XP level 4. HP: 40/40 MP: 3/3
  1886 | D:3      | Noticed an ogre
  1893 | D:3      | Killed an ogre
  1894 | D:3      | Reached XP level 5. HP: 47/47 MP: 4/4
  2133 | D:3      | Reached skill level 5 in Armour
  2430 | D:4      | Reached XP level 6. HP: 52/53 MP: 5/5
  2596 | D:4      | Found a staircase to the Ecumenical Temple.
  2606 | Temple   | Entered the Ecumenical Temple
  2670 | Temple   | Became a worshipper of the Shining One
  2821 | D:4      | Reached skill level 1 in Dodging
  2830 | D:4      | Reached skill level 5 in Polearms
  3179 | D:4      | Identified the +3 leather armour "Hadocw" {rC- Regen+
                  | Int+3}
  3382 | D:4      | Found a runed translucent door.
  3383 | D:4      | Noticed Sensen's ghost (amateur MfIE)
  3448 | D:4      | Found a runed translucent door.
  3609 | D:4      | Reached XP level 7. HP: 58/60 MP: 6/6
  3693 | D:5      | Entered Level 5 of the Dungeon
  3805 | D:5      | Reached * piety under the Shining One
  4139 | D:5      | Reached skill level 5 in Fighting
  4475 | D:6      | Reached skill level 5 in Shields
  4484 | D:6      | Reached XP level 8. HP: 68/68 MP: 7/7
  4734 | D:6      | Noticed Menkaure
  4898 | D:6      | Killed Menkaure
  6480 | D:8      | Reached skill level 3 in Axes
  6480 | D:8      | Reached XP level 9. HP: 44/75 MP: 8/8
  6617 | D:8      | Found an ancient bone altar of Kikubaaqudgha.
  6730 | D:8      | Reached ** piety under the Shining One
  6750 | D:8      | Reached skill level 4 in Axes
  6775 | D:8      | Reached skill level 5 in Axes
  6777 | D:8      | Reached skill level 6 in Axes
  6779 | D:8      | Noticed Psyche
  6791 | D:8      | Reached skill level 7 in Axes
  6793 | D:8      | Killed Psyche
  6795 | D:8      | Reached skill level 8 in Axes
  6985 | D:8      | Noticed Maggie
  6989 | D:8      | Killed Maggie
  6990 | D:8      | Reached XP level 10. HP: 77/86 MP: 9/9
  7279 | D:8      | Found a blossoming altar of Fedhas.
  7282 | D:8      | Found a radiant altar of Vehumet.
  7285 | D:8      | Found a glowing silver altar of Zin.
  7285 | D:8      | Found a shimmering blue altar of Sif Muna.
  7292 | D:8      | Found a basalt altar of Yredelemnul.
  7597 | D:9      | Reached skill level 9 in Axes
  7646 | D:9      | Found Gozag's Platinum Reserve.
  7648 | D:9      | Found an opulent altar of Gozag.
  8198 | D:9      | Found Plog's Assorted Antiques.
  8242 | D:9      | Found an iron altar of Okawaru.
  8242 | D:9      | Found a hazy altar of Hepliaklqana.
  8431 | D:10     | Entered Level 10 of the Dungeon
  8483 | D:10     | Noticed Harold
  8493 | D:10     | Noticed Erica
  8494 | D:10     | Killed Harold
  8495 | D:10     | Reached skill level 10 in Axes
  8495 | D:10     | Reached skill level 10 in Armour
  8502 | D:10     | Killed Erica
  8525 | D:10     | Noticed a gargoyle
  8530 | D:10     | Killed a gargoyle
  8531 | D:10     | Reached skill level 11 in Axes
  8699 | D:10     | Noticed a two-headed ogre
  8705 | D:10     | Killed a two-headed ogre
  8889 | D:10     | Identified the +1 ring mail of the Trilobite {rF+ Dex-2
                  | Slay+5 SInv}
  8929 | D:10     | Found a white marble altar of Elyvilon.
  9113 | D:10     | Noticed zamzamzam's ghost (journeyman HuGl)
  9114 | D:10     | Found a runed translucent door.
  9118 | D:10     | Noticed a spriggan rider
  9120 | D:10     | Identified the +2 spear of the Skies Above {elec, rF- rN+++
                  | rCorr Str+3}
  9164 | D:10     | Reached *** piety under the Shining One
  9171 | D:10     | Reached XP level 11. HP: 94/94 MP: 10/10
  9174 | D:10     | Reached skill level 12 in Axes
  9545 | D:11     | Noticed Lodul
  9545 | D:11     | Noticed Fannar
  9684 | D:10     | Killed Fannar
 10159 | D:11     | Found a staircase to the Lair.
 10163 | D:11     | HP: 3/95 [Lodul/bolt of lightning (16)]
 10475 | D:10     | Reached skill level 1 in Long Blades
 10840 | D:11     | Reached skill level 1 in Maces & Flails
 10840 | D:11     | HP: 5/142 [Lodul/+7 dire flail of protection (6)]
 10842 | D:11     | Mangled by an ogre

Illustrated notes

Levels and vault maps discovered:
D:1:      lightli_arrival_maybe_door_vault, layout_loops_cross,
          shapermc_ecumenical_altar_mp_urbaneastern
D:2:      minmay_door_path, layout_rooms
D:3:      layout_loops_cross, cheibrodos_gnoll_hut
D:4:      layout_loops_corners, minmay_temple_entry_trees,
          ebering_ghost_sewer_f, minmay_misc_feat_rows, kennysheep_windowed_goal
D:5:      layout_loops_cross
D:6:      layout_basic, uniq_menkaure
D:7:      layout_gridville
D:8:      layout_basic, lemuel_tele_altar, nicolae_overflow_hallway_of_the_gods,
          uniq_maggie, uniq_psyche
D:9:      layout_loops_ring, nicolae_gozag_zags_fifth_avenue,
          gammafunk_temple_overflow_statue, serial_shops, shop
D:10:     layout_basic, elyvilon_altar_5, ebering_ghost_funeral_grove,
          uniq_erica, uniq_harold
D:11:     layout_cave_pools, erik_lair_island, uniq_amaemon, uniq_lodul,
          uniq_fannar
Temple:   nicolae_temple_x_marks_the_god

Skill      XL: |  1  2  3  4  5  6  7  8  9 10 11 |
---------------+----------------------------------+-----
Armour         | 4 5 6 8 9 11 | 11.6
Fighting       | 4 5 6 7 8 |  8.8
Shields        | 4 5 |  5.6
Polearms       | 1 4 5 7 8 |  8.9
Dodging        | 1 2 3 |  3.0
Axes           | 3 8 11 12 | 12.3
Long Blades    | 1 |  1.3
Maces & Flails | 1 |  1.5
Stealth        | |  0.2

Action                     |  1- 3 |  4- 6 |  7- 9 | 10-12 || total
---------------------------+-------+-------+-------+-------++-------
  Melee: Spear             |   108 |   125 |   129 |       ||   362
         Headbutt          |    17 |    23 |    42 |    27 ||   109
         War axe           |     3 |       |       |       ||     3
         Executioner's axe |       |       |    47 |    72 ||   119
         Long sword        |       |       |       |     9 ||     9
         Flail             |       |       |       |    30 ||    30
    Use: Scroll            |       |    10 |    10 |     5 ||    25
         Potion            |       |       |     1 |     4 ||     5
 Armour: Scale mail        |    38 |     6 |       |       ||    44
         Chain mail        |       |     8 |       |       ||     8
         Plate armour      |       |    27 |    85 |   110 ||   222
         Skin              |       |       |    11 |       ||    11
  Dodge: Dodged            |    24 |    28 |    53 |    77 ||   182
  Block: Buckler           |    11 |    21 |     2 |       ||    34
